 Dungeon Crawl Stone Soup version 0.29-a0-72-g1732ff48e7 (webtiles) character file.

Game seed: 18006070681475281292

79 Zonian the Magician (level 4, 0/31 HPs)
             Began as a Djinni Ice Elementalist on Feb 3, 2022.
             Slain by a worm (10 damage)
             ... on level 2 of the Dungeon.
             The game lasted 00:03:19 (3548 turns).

Zonian the Magician (Djinni Ice Elementalist)       Turns: 3548, Time: 00:03:20

Health: 0/31       AC:  2    Str:  7    XL:     4   Next: 62%
Gold:   55         EV: 13    Int: 18    God:
                   SH:  0    Dex: 14

rFire   + + .      SeeInvis .   d - +4 dagger (vamp)
rCold   x . .      Faith    .   (no shield)
rNeg    . . .      Spirit   .   a - +0 robe
rPois   ∞          Reflect  .   (no helmet)
rElec   .          Harm     .   (no cloak)
rCorr   .          Rampage  .   (no gloves)
Will    .....                   (boots unavailable)
Stlth   ++........              (no amulet)
HPRegen 0.10/turn               (no ring)
MPRegen 0.00/turn               (no ring)

@: flying
A: sickness immunity, fire resistance 2, cold vulnerability 1, float, innate
caster, HP casting, extra vitality 1
a: no special abilities


You were on level 2 of the Dungeon.
You visited 1 branch of the dungeon, and saw 3 of its levels.

You collected 55 gold pieces.

Inventory:

Hand Weapons
 c - a +0 short sword
 d - a +4 vampiric dagger (weapon)
Armour
 a - a +0 robe (worn)
Scrolls
 b - 2 scrolls of noise {unknown}
 f - 2 scrolls of magic mapping {unknown}
 g - a scroll of identify {unknown}
 h - a scroll of amnesia {unknown}
 j - a scroll of teleportation {unknown}
 k - a scroll of enchant armour {unknown}
Potions
 e - a potion of mutation {unknown}
 i - a potion of flight {unknown}
 l - 2 potions of degeneration {unknown}


   Skills:
 + Level 3.3 Dodging
 + Level 2.6 Stealth
 + Level 3.7 Spellcasting


You couldn't memorise any spells.
You knew the following spells:

 Your Spells              Type           Power      Damage    Failure   Level
a - Freeze                Ice            64%        1d8       3%          1
b - Frozen Ramparts       Ice            32%        1d5       10%         3
c - Ozocubu's Armour      Ice            16%        N/A       10%         3
d - Hailstorm             Conj/Ice       16%        3d6       32%         4
e - Beastly Appendage     Tmut           32%        N/A       3%          1
Your spell library was empty.

Dungeon Overview and Level Annotations

Branches:
Dungeon (3/15)

Altars:


Innate Abilities, Weirdness & Mutations

You are immune to sickness and miasma.
You are immune to poison.
Your flesh is very heat resistant. (rF++)
You are vulnerable to cold. (rC-)
You float through the air rather than walking.
You learn spells naturally, not from books.
Your magical power is your life essence.
You have superior vitality. (+4 MHP)


Message History

You reach down and open the door.
There is an open door here.
There is a stone staircase leading down here.
You fly downwards.
There is a stone staircase leading up here.
Unknown command.
You hit the worm.
The worm is lightly wounded.
The worm bites you.
You hit the worm.
You feel better.
The worm is lightly wounded.
The worm bites you!
You hit the worm.
You feel better.
The worm is moderately wounded.
Casting: Freeze (safe; 3% risk of failure)
Confirm with . or Enter, or press ? or * to list all spells.
Aiming: Freeze (safe; 3% risk of failure)
Press: ? - help, Shift-Dir - straight line, f - worm
Aim: a worm (moderately wounded)
You freeze the worm.
The worm is heavily wounded.
The worm bites you.
Unknown command.
Casting: Freeze (safe; 3% risk of failure)
Confirm with . or Enter, or press ? or * to list all spells.
Aiming: Freeze (safe; 3% risk of failure)
Press: ? - help, Shift-Dir - straight line, f/p - worm
Aim: a worm (moderately wounded)
You freeze the worm.
The worm is severely wounded.
Unknown command.
Casting: Freeze (safe; 3% risk of failure)
Confirm with . or Enter, or press ? or * to list all spells.
Aiming: Freeze (safe; 3% risk of failure)
Press: ? - help, Shift-Dir - straight line, f/p - worm
Aim: a worm (severely wounded)
You freeze the worm.
The worm is severely wounded.
The worm bites you!
You die...

#.###. ##.## #.##..
#.# #.##.# #.#
#<##.# ##'##
#w##.##.# ##...##
#.......# ##.....##
####.####
#.......##
##...####.........#
#.@.....+.........'
##w..####.........#
##.## ##.......##
#.# ##.....## #.#
##...## .# ##'# ..
#. .. #


You could see a worm.

Vanquished Creatures
  A hound skeleton (D:2)
  A gnoll (D:1)
  An adder (D:2)
  A worm (D:3)
  2 dart slugs
  6 endoplasms
  3 goblins
  6 hobgoblins (D:1)
  2 quokkas (D:2)
  3 ball pythons
  3 bats
  2 frilled lizards
  5 kobolds
  3 rats (D:1)
39 creatures vanquished.

Notes
Turn   | Place    | Note
-------+----------+-------------------------------------------
     0 | D:1      | Zonian the Djinni Ice Elementalist began the quest for the
                  | Orb.
     0 | D:1      | Reached XP level 1. HP: 15/15 MP: 0/0
   219 | D:1      | Reached XP level 2. HP: 2/21 MP: 0/0
   886 | D:1      | Reached XP level 3. HP: 25/25 MP: 0/0
   886 | D:1      | Learned a level 1 spell: Beastly Appendage
  2144 | D:2      | You are sucked into a shaft and drop 1 floor!
  2690 | D:3      | Reached XP level 4. HP: 29/31 MP: 0/0
  3548 | D:2      | Slain by a worm

Illustrated notes

Levels and vault maps discovered:
D:1:      heliophobic_arrival_glass_houses, layout_basic,
          chequers_serial_rivers_room_a, minmay_misc_feat_encased,
          minmay_door_square, minmay_misc_feat_room
D:2:      layout_loops_corners, grunt_ministairs_6,
          chequers_serial_rivers_micro_d, minmay_tetromino_s4,
          uniq_crazy_yiuf_cottage, uniq_jessica, uniq_sigmund
D:3:      layout_loops_ring, bloody_makhleb, kennysheep_generic_room_16

Skill      XL: |  1  2  3 |
---------------+----------+-----
Stealth        | 2 |  2.6
Dodging        | 3 |  3.3
Spellcasting   | |  3.7

Action                   |  1- 3 |  4- 6 || total
-------------------------+-------+-------++-------
Melee: Unarmed           |     1 |       ||     1
       Dagger            |    93 |    22 ||   115
       Punch             |     3 |       ||     3
 Cast: Freeze            |    20 |     9 ||    29
  Use: Scroll            |     2 |       ||     2
 Stab: Sleeping          |     4 |       ||     4
Armor: Robe              |    16 |     5 ||    21
Dodge: Dodged            |    55 |    17 ||    72

Table legend: (Time is in decaauts)
 A = Elapsed time spent in this place.
 B = Non-inter-level travel time spent in this place.
 C = Inter-level travel time spent in this place.
 D = Time resting spent in this place.
 E = Time spent auto-exploring this place.
 F = Levels seen in this place.
 G = Mean time per level.
                   A        B        C        D        E       F      G
               +--------+--------+--------+--------+--------+-----+--------+
         Total |   3549 |   3474 |     75 |   1520 |   1558 |   3 | 1183.0 |
       Dungeon |   3549 |   3474 |     75 |   1520 |   1558 |   3 | 1183.0 |
               +--------+--------+--------+--------+--------+-----+--------+

Top non-repeatable levels by time:
     D:1: 2300 daAuts
     D:2: 633 daAuts
     D:3: 615 daAuts
